 Dungeon Crawl Stone Soup version 0.30.0-17-ge0270778cf (webtiles) character file.

Game seed: 8550423047116633992

44 Esekla the Magician (level 4, -1/34 HPs)
             Began as a Meteoran Hedge Wizard on May 21, 2023.
             Slain by a kobold brigand
             ... wielding a +0 short sword
              (8 damage)
             ... in a sewer.
             The game lasted 00:06:34 (473 turns).

Esekla the Magician (Meteoran Hedge Wizard)          Turns: 473, Time: 00:06:34

Health: -1/34      AC:  5    Str: 11    XL:     4   Next: 8%
Magic:  11/11      EV: 12    Int: 18    God:
Gold:   71         SH:  0    Dex: 13    Spells: 6/12 levels left

rFire   . . .        a - +0 dagger
rCold   . . .        (no shield)
rNeg    . . .        b - +0 robe
rPois   .            c - +0 hat
rElec   .            (no cloak)
rCorr   .            j - +2 pair of gloves
SInv    +            (no boots)
Will    .....        (no amulet)
Stlth   +            h - ring of see invisible
HPRegen 0.25/turn    (no ring)
MPRegen 0.12/turn

%: no passive effects
@: glowing
A: sense surroundings 1, otherworldly, glowing, explore regen
a: no special abilities


You were in a sewer.
You visited 1 branch of the dungeon, and saw 3 of its levels.
You also visited: Sewer.

You collected 71 gold pieces.

Inventory:

Hand Weapons
 a - a +0 dagger (weapon)
Armour
 b - a +0 robe (worn)
 c - a +0 hat (worn)
 j - a +2 pair of gloves (worn)
Jewellery
 h - a ring of see invisible (left hand)
Scrolls
 e - a scroll of noise {unknown}
 f - 5 scrolls of identify {unknown}
 i - a scroll of fear {unknown}
 k - a scroll of brand weapon {unknown}
 l - a scroll of teleportation {unknown}
Potions
 g - a potion of curing {unknown}
 m - a potion of mutation {unknown}
 n - 2 potions of brilliance {unknown}


   Skills:
 * Level 0.4 Fighting
 + Level 0.2 Short Blades
 * Level 2.7 Dodging
 + Level 1.5 Stealth
 * Level 4.7 Spellcasting
 + Level 2.0 Conjurations
 + Level 1.2 Summonings
 + Level 1.2 Translocations
 * Level 1.3 Poison Magic


You had 6 spell levels left.
You knew the following spells:

 Your Spells              Type           Power      Damage    Failure   Level
a - Magic Dart            Conj           44%        1d5       6%          1
b - Blink                 Tloc           16%        N/A       13%         2
c - Mephitic Cloud        Conj/Pois/Air  8%         N/A       26%         3

Your spell library contained the following spells:

 Spells                   Type           Power      Damage    Failure   Level
 Call Imp                 Summ           16%        N/A       13%         2
 Slow                     Hex            16%        N/A       14%         1
 Cigotuvi's Dreadful Rot  Necr/Pois/Air  10%        N/A       17%         2


Dungeon Overview and Level Annotations

Branches:
Dungeon (3/15) Zot: 1465    Sewer (1/1) Zot: 428

Altars:


Innate Abilities, Weirdness & Mutations

You passively map a small area around you.
You are easily found by Zot.
You glow in the dark.
You regain HP and MP as you explore.


Message History

You hit the kobold brigand.
The kobold brigand is severely wounded.
You feel sick.
You barely miss the kobold brigand.
The kobold brigand is severely wounded.
You feel sick.
You barely miss the kobold brigand.
The kobold brigand is severely wounded.
You feel sick.
You are no longer poisoned.
The kobold brigand hits you with a +0 short sword.
* * * LOW HITPOINT WARNING * * *
The kobold brigand hits itself with a +0 short sword.
You hit the kobold brigand.
The kobold brigand is severely wounded.
You hit the kobold brigand but do no damage.
The kobold brigand is severely wounded.
You closely miss the kobold brigand.
The kobold brigand is severely wounded.
Casting: Magic Dart (safe; 6% risk of failure)
Confirm with . or Enter, or press ? or * to list all spells.
Aiming: Magic Dart (safe; 6% risk of failure)
Press: ? - help, Shift-Dir - straight line, f/p - kobold brigand
Aim: a kobold brigand, wielding a +0 short sword and quivering poisoned darts (severely wounded, confused, 100% to hit)
The magic dart hits the kobold brigand but does no damage.
The kobold brigand is severely wounded.
You hit the kobold brigand but do no damage.
The kobold brigand is severely wounded.
You barely miss the kobold brigand.
The kobold brigand is severely wounded.
The kobold brigand seems less confused. x2
The kobold brigand splashes around in the water.
The kobold brigand hits you with a +0 whip.
* * * LOW HITPOINT WARNING * * *
Casting: Magic Dart (safe; 6% risk of failure)
Confirm with . or Enter, or press ? or * to list all spells.
Okay, then.
Magic courses through your body.
The kobold brigand hits you with a +0 short sword!
You die...

~ * ..~~~~~..~~~~
#.~.......~~. #~~..........
#~.~.~.~∩.∩.~ #~~..~~~.....
*###** ##.~.~~~......
.~K~~##### ##~~~.~..~.~~~~ *
#.~~.~####....##~..~~~.~
*K~~~.###~K@..~.~####~.~~..~
####### #~K~~~~~.# ##..~~...
#.~~~~###.~..~~~####.~~~~~.~
#####.~~~~########~~~.~~~~~.
#.~~~~##### #~~~.~#####.
####### #~~~~## # #~~.##
#~~.# #.~~#


You could see 2 kobold brigands.

Vanquished Creatures
  2 adders
  A worm (Sewer)
  2 ball pythons
  3 endoplasms
  7 giant cockroaches (D:3)
  2 hobgoblins (D:3)
  A bat (D:2)
  A goblin (D:3)
  3 rats
22 creatures vanquished.

Notes
Turn   | Place    | Note
-------+----------+-------------------------------------------
     0 | D:1      | Esekla the Meteoran Hedge Wizard began the quest for the
                  | Orb.
     0 | D:1      | Reached XP level 1. HP: 14/14 MP: 6/6
    95 | D:2      | Reached XP level 2. HP: 20/20 MP: 6/8
   176 | D:3      | Reached XP level 3. HP: 17/26 MP: 1/10
   179 | D:3      | Learned a level 2 spell: Blink
   183 | D:3      | Learned a level 3 spell: Mephitic Cloud
   282 | D:3      | Found a glowing drain.
   328 | Sewer    | Entered a sewer
   364 | Sewer    | Reached skill level 1 in Poison Magic
   364 | Sewer    | Reached XP level 4. HP: 27/33 MP: 4/11
   444 | Sewer    | Noticed a kobold brigand
   444 | Sewer    | Noticed a kobold brigand
   473 | Sewer    | Slain by a kobold brigand

Illustrated notes

Levels and vault maps discovered:
D:1:      onia_arrival_pyramid, layout_loops_ring, basic_ecumenical_altar,
          serial_shops, nicolae_shop_window_shopping
D:2:      layout_loops_cross
D:3:      layout_rooms, nzn_wu_jian_contemplation,
          nicolae_gozag_cash_rules_everything_around_me, gup_sewer_entry_pipe,
          chequers_big_river, minmay_close_crescents
Sewer:    sewer_co_tree

Skill      XL: |  1  2  3 |
---------------+----------+-----
Conjurations   | 2 |  2.0
Poison Magic   | 1 |  1.3
Fighting       | |  0.4
Short Blades   | |  0.2
Dodging        | |  2.7
Stealth        | |  1.5
Spellcasting   | |  4.7
Summonings     | |  1.2
Translocations | |  1.2

Action                     |  1- 3 |  4- 6 || total
---------------------------+-------+-------++-------
  Melee: Dagger            |    74 |    27 ||   101
         Punch             |     3 |       ||     3
   Cast: Magic Dart        |    33 |     5 ||    38
         Mephitic Cloud    |     1 |     4 ||     5
    Use: Potion            |       |     1 ||     1
   Stab: Confused          |     2 |     2 ||     4
 Armour: Robe              |    23 |     1 ||    24
  Dodge: Dodged            |    45 |     2 ||    47
